 Dungeon Crawl Stone Soup version 0.23-a0-109-g5e4b187 (webtiles) character file.

23 Amnesiac the Magician (level 2, -2/19 HPs)
             Began as a Mummy Air Elementalist on Aug 22, 2018.
             Shot with an arrow by a centaur (6 damage)
             ... on level 2 of the Dungeon.
             The game lasted 00:05:40 (848 turns).

Amnesiac the Magician (Mummy Air Elementalist)       Turns: 848, Time: 00:05:40

Health: -2/19      AC:  2    Str: 11    XL:     2   Next: 75%
Magic:  2/6        EV: 12    Int: 14    God:
Gold:   45         SH:  0    Dex: 12    Spells: 5/8 levels left

rFire    x . .     SeeInvis .   (no weapon)
rCold    + . .     Gourm    .   (no shield)
rNeg     + + +     Faith    .   a - +0 robe
rPois    ∞         Spirit   .   (no helmet)
rElec    .         Reflect  .   (no cloak)
rCorr    .         Harm     .   (no gloves)
MR       .....                  (no boots)
Stlth    ++........             (no amulet)
HPRegen  0.06/turn              (no ring)
MPRegen  0.10/turn              (no ring)

@: no status effects
A: no food or potions, fire vulnerability, cold resistance 1, negative energy
resistance 3, torment resistance, unbreathing
a: no special abilities


You were on level 2 of the Dungeon.
You were not hungry.

You visited 1 branch of the dungeon, and saw 2 of its levels.

You collected 45 gold pieces.

Inventory:

Armour
 a - a +0 robe (worn)
 c - a +0 buckler
Scrolls
 b - a scroll of identify {!r, unknown}


   Skills:
 - Level 1.5 Dodging
 - Level 1.5 Stealth
 + Level 3.9 Spellcasting
 - Level 0.7 Conjurations
 - Level 2.7 Air Magic


You had 5 spell levels left.
You knew the following spells:

 Your Spells              Type           Power        Failure   Level  Hunger
a - Shock                 Conj/Air       #...         10%         1    N/A
z - Swiftness             Chrm/Air       #.......     17%         2    N/A

Your spell library contained the following spells:

 Spells                   Type           Power        Failure   Level  Hunger
 Static Discharge         Conj/Air       #.......     28%         3    N/A
 Airstrike                Air            ##........   54%         4    N/A
 Lightning Bolt           Conj/Air       #.........   95%         5    N/A

Dungeon Overview and Level Annotations

Branches:
Dungeon (2/15)

Altars:
Xom


Innate Abilities, Weirdness & Mutations

You do not eat or drink.
Your flesh is vulnerable to fire.
You are immune to poison.
Your flesh is cold resistant. (rC+)
You are immune to negative energy. (rN+++)
You are immune to unholy pain and torment.
You can survive without breathing.


Message History

The worm closely misses you.
You hit the worm.
The worm is lightly wounded.
A giant cockroach comes into view.
You barely miss the worm.
The worm is lightly wounded.
The worm bites you.
* * * LOW HITPOINT WARNING * * *
You hit the worm.
The worm is moderately wounded.
The worm bites you.
* * * LOW HITPOINT WARNING * * *
Your magical contamination has completely faded away.
You hear a distant blaring wail to the east.
You see here 30 bolts.
The giant cockroach waves its antennae.
The giant cockroach misses you.
Casting: Shock (safe; 10% risk of failure)
Confirm with . or Enter, or press ? or * to list all spells.
Aiming: Shock (safe; 10% risk of failure)
Press: ? - help, Shift-Dir - straight line The zap hits the giant cockroach.
The giant cockroach appears unharmed.
The zap hits the giant cockroach.
The giant cockroach is severely wounded.
The giant cockroach barely misses you.
You closely miss the giant cockroach.
The giant cockroach is severely wounded.
The giant cockroach closely misses you. The giant cockroach barely misses you.
Casting: Shock (safe; 10% risk of failure)
Confirm with . or Enter, or press ? or * to list all spells.
You don't know that spell.
Casting: Shock (safe; 10% risk of failure)
Confirm with . or Enter, or press ? or * to list all spells.
Aiming: Shock (safe; 10% risk of failure)
Press: ? - help, Shift-Dir - straight line The zap misses the giant cockroach.
The zap hits the giant cockroach.
You kill the giant cockroach!
There isn't anything here!
You start resting.
The worm is too close now for your liking.
A worm is nearby!
A bat is nearby!
A bat is nearby!
You hit the bat but do no damage. The bat barely misses you.
The bat misses you.
A hobgoblin comes into view.
There are monsters nearby!
Casting: Shock (safe; 10% risk of failure)
Confirm with . or Enter, or press ? or * to list all spells.
Aiming: Shock (safe; 10% risk of failure)
Press: ? - help, Shift-Dir - straight line The zap hits the bat.
You kill the bat!
The hobgoblin shouts!
You hear a shout!
A hobgoblin is nearby!
A hobgoblin is nearby!
A hobgoblin is nearby!
A hobgoblin is nearby!
A hobgoblin is nearby!
Unknown command.
Unknown command.
A centaur comes into view.
The centaur wields a shortbow.
The centaur shoots an arrow.
The arrow hits you.
You die...

#..#.#.## #..##.# ####s##.#..#
#..##.# s..†....)(.# ####..##.#
##.#.##.#..####.....##.#
#.##....... ...#...##.## #
#.##.....#####....!#...#######..
#r.........[.#...##............#
#.##.#.#.###.##........####.####
...#......##.##@#####.## #.###.
......###.##.##.#####.# #..#.#
..#..........c.......# #....≈
##............#.##..# ####≈.
...........g###.##..# ##≈
#####.#.##..###.##..# ###
#.#......##.##..# #.#
..####...##.##..# #..
#######...#...#..# #.#


You could see a centaur and a hobgoblin.

Vanquished Creatures
  An adder (D:2)
  A worm (D:2)
  A dart slug (D:1)
  2 bats (D:2)
  A giant cockroach (D:2)
  A hobgoblin (D:2)
  A kobold (D:2)
  2 rats (D:2)
10 creatures vanquished.

Notes
Turn   | Place    | Note
-------+----------+-------------------------------------------
     0 | D:1      | Amnesiac the Mummy Air Elementalist began the quest for the Orb.
     0 | D:1      | Reached XP level 1. HP: 13/13 MP: 4/4
   396 | D:2      | Reached skill level 3 in Spellcasting
   396 | D:2      | Reached XP level 2. HP: 11/19 MP: 0/6
   400 | D:2      | Learned a level 2 spell: Swiftness
   748 | D:2      | Found a shimmering altar of Xom.
   748 | D:2      | Found a shimmering altar of Xom.
   749 | D:2      | Found a shimmering altar of Xom.
   750 | D:2      | Found a shimmering altar of Xom.
   750 | D:2      | Found a shimmering altar of Xom.
   848 | D:2      | Noticed a centaur
   848 | D:2      | Shot with an arrow by a centaur

Vault maps used:
D:1:      minmay_arrival_plants_in_alcoves, hangedman_abyss_or_decor_stabs
D:2:      xom_redecorated

Skill      XL: |  1 |
---------------+----+-----
Spellcasting   | 3 |  3.9
Dodging        | |  1.5
Stealth        | |  1.5
Conjurations   | |  0.7
Air Magic      | |  2.7

Action                   || total
-------------------------++-------
Melee: Unarmed           ||    13
 Cast: Shock             ||    23
Armor: Robe              ||     2
Dodge: Dodged            ||    28

Table legend:
 A = Non-vault XP
 B = Vault XP
 C = Vault XP percentage of total XP
 D = Non-vault monster count
 E = Vault monster count
 F = Vault count percentage of total count
                 A         B        C        D         E       F
            +---------+---------+-------+---------+---------+-------
      Total |      34 |       0 |   0.0 |      10 |       0 |   0.0
            +---------+---------+-------+---------+---------+-------
        D:1 |       4 |       0 |   0.0 |       1 |       0 |   0.0
        D:2 |      30 |       0 |   0.0 |       9 |       0 |   0.0
            +---------+---------+-------+---------+---------+-------
